 Dungeon Crawl Stone Soup version 0.22.0-75-g3901e7991e (webtiles) character file.

3799 Debik the Thaumaturge (level 9, -1/45 HPs)
             Began as a Deep Elf Earth Elementalist on Sept 14, 2018.
             Killed from afar by an electric eel (9 damage)
             ... with a bolt of electricity
             ... in a bailey.
             The game lasted 00:26:58 (8719 turns).

Debik the Thaumaturge (Deep Elf Earth Elementalist) Turns: 8719, Time: 00:26:59

Health: -1/45      AC:  7    Str:  5    XL:     9   Next: 96%
Magic:  4/37       EV: 13    Int: 24    God:
Gold:   244        SH:  0    Dex: 15    Spells: 22/34 levels left

rFire    + . .     SeeInvis .   C - +4 quarterstaff (drain)
rCold    + . .     Gourm    .   (shield currently unavailable)
rNeg     . . .     Faith    .   l - +2 robe {rC+ rF+}
rPois    .         Spirit   .   A - +1 hat
rElec    .         Reflect  .   x - +0 cloak
rCorr    .         Harm     .   (no gloves)
MR       .....                  e - +0 pair of boots
Stlth    +++.......             i - amulet of the acrobat
HPRegen  0.15/turn              t - ring of magical power
MPRegen  0.25/turn              (no ring)

@: very slightly contaminated
A: no striking features
a: no special abilities


You were in a bailey.
You were near starving.

You visited 2 branches of the dungeon, and saw 9 of its levels.
You also visited: Sewer and Bailey.

You collected 430 gold pieces.
You spent 186 gold pieces at shops.

Inventory:

Hand Weapons
 C - a +4 quarterstaff of draining (weapon)
Missiles
 m - 2 throwing nets
 s - 109 stones (quivered)
Armour
 e - a +0 pair of boots (worn)
 l - a +2 robe of resistance (worn)
 x - a +0 cloak (worn)
 A - a +1 hat (worn)
Jewellery
 i - an amulet of the acrobat (around neck)
 t - a ring of magical power (left hand)
 w - an uncursed ring of ice
Wands
 b - a wand of iceblast (7)
 v - a wand of enslavement (16)
Scrolls
 a - 3 scrolls of remove curse
 c - 7 scrolls of teleportation
 f - a scroll of amnesia
 u - a scroll of magic mapping
 y - 3 scrolls of identify
 z - a scroll of fear
 B - a scroll of blinking
 D - a scroll of enchant weapon
Potions
 g - 4 potions of brilliance
 h - a potion of might
 j - 2 potions of agility {unknown}
 k - a potion of berserk rage
 n - a potion of resistance {unknown}
 o - a potion of magic {unknown}
 p - 2 potions of cancellation {unknown}
 q - 2 potions of flight
 r - 2 potions of curing
Comestibles
 d - 4 rations


   Skills:
 + Level 0.1 Fighting
 + Level 2.8 Dodging
 + Level 4.0 Stealth
 + Level 0.1 Unarmed Combat
 + Level 13.0 Spellcasting
 + Level 2.6 Conjurations
   Level 1.1 Transmutations
 + Level 10.7 Earth Magic


You had 22 spell levels left.
You knew the following spells:

 Your Spells              Type           Power        Failure   Level  Hunger
a - Sandblast             Erth           ######       1%          1    None
c - Mephitic Cloud        Conj/Pois/Air  ###.....     9%          3    None
d - Lee's Rapid Deconstr  Erth           ######....   1%          5    ###....
e - Stone Arrow           Conj/Erth      #####.       1%          3    None

Your spell library contained the following spells:

 Spells                   Type           Power        Failure   Level  Hunger
 Passwall                 Tmut/Erth      #####...     1%          2    None
 Throw Frost              Conj/Ice       ###...       3%          2    None
 Petrify                  Tmut/Erth      #####...     3%          4    None
 Aura of Abjuration       Summ           ###.......   71%         5    ###....
 Bolt of Cold             Conj/Ice       ###.......   98%         6    #####..


Dungeon Overview and Level Annotations

Branches:
Dungeon (8/15)             Temple (1/1) D:4
   Lair: D:8-11

Altars:
Ashenzari
Cheibriados
Dithmenos
Elyvilon
Fedhas
Gozag
Hepliaklqana
Makhleb
Nemelex Xobeh
Okawaru
Qazlal
Ru
Trog
Uskayaw
Wu Jian
Xom
Yredelemnul
The Shining One

Shops:
D:6 =?   D:7 %


Message History

The blast of sand hits the orc knight.
The orc knight is almost dead.
s - 109 stones The electric eel shoots out a bolt of lightning at you!
The bolt of electricity misses you.
The electric eel shoots out a bolt of lightning at you!
The bolt of electricity misses you.
The electric eel shoots out a bolt of lightning at you!
The bolt of electricity hits you!
The electric eel shoots out a bolt of lightning at you!
The bolt of electricity hits you!
* * * LOW HITPOINT WARNING * * *
You feel better. The orc knight hits you with a war axe!
* * * LOW HITPOINT WARNING * * *
You feel better. The hobgoblin hits you with a war axe!
* * * LOW HITPOINT WARNING * * *
The orc knight closely misses you.
The electric eel shoots out a bolt of lightning at you!
The bolt of electricity hits you!
You die...

#####'')#####
#.......g...#
######≈≈≈≈...≈≈≈≈######
≈≈≈≈≈≈≈≈≈≈...≈≈≈≈≈≈≈≈≈≈
≈≈≈≈≈≈≈≈≈≈...≈≈≈≈≈≈≈≈≈≈
≈≈≈≈≈≈≈≈;≈...≈≈≈≈≈≈≈≈≈≈
≈≈≈≈≈≈≈≈≈≈...≈≈≈≈≈≈≈≈≈≈
≈≈≈≈≈≈≈....og...≈≈≈≈≈≈≈
########...@...########
#.......# #.......#
#...∩...# #.......#
###...### #.∩.# #####


You could see an orc knight, an electric eel and 2 hobgoblins.

Vanquished Creatures
  Pikel (D:4)
  Joseph (D:7)
  Grinder (D:3)
  Sigmund (D:4)
  Eustachio (D:5)
  Edmund (D:4)
  2 phantoms
  An ice beast (D:5)
  2 slaves (D:4)
  An ogre (D:4)
  3 centaurs
  A big kobold (Sewer)
  A bullfrog (D:8)
  3 scorpions
  2 electric eels
  A howler monkey (D:6)
  7 crimson imps
  A bullfrog zombie (D:6)
  A centaur zombie (D:5)
  3 jellies
  3 orc priests
  Crazy Yiuf (D:7)
  A bullfrog skeleton (D:6)
  3 hounds
  A gnoll shaman (D:7)
  Jessica (D:3)
  Ijyb (D:4)
  An iguana (D:5)
  An orc wizard (D:5)
  5 worker ants
  A killer bee zombie (D:5)
  A hound skeleton (D:5)
  A worker ant zombie (D:8)
  20 gnolls
  10 adders
  6 river rats
  A shadow imp (D:5)
  3 worms
  A dart slug (D:3)
  5 leopard geckos
  23 orcs
  4 ball pythons
  17 bats
  8 giant cockroaches
  13 goblins
  11 hobgoblins
  10 jackals
  3 quokkas
  8 frilled lizards
  7 kobolds
  A quokka skeleton (D:4)
  A quokka zombie (D:7)
  14 rats
222 creatures vanquished.

Vanquished Creatures (others)
  4 fungi (D:7)
  3 plants (D:7)
7 creatures vanquished.

Grand Total: 229 creatures vanquished

Notes
Turn   | Place    | Note
-------+----------+-------------------------------------------
     0 | D:1      | Debik the Deep Elf Earth Elementalist began the quest for
                  | the Orb.
     0 | D:1      | Reached XP level 1. HP: 10/10 MP: 6/6
   122 | D:1      | Reached XP level 2. HP: 15/15 MP: 4/8
   605 | D:2      | Reached XP level 3. HP: 19/19 MP: 7/10
   610 | D:2      | Learned a level 3 spell: Stone Arrow
   960 | D:2      | Found a white marble altar of Elyvilon.
   961 | D:2      | Found an ornate altar of the Wu Jian Council.
  1084 | D:2      | Reached skill level 4 in Spellcasting
  1146 | D:2      | Reached XP level 4. HP: 24/24 MP: 7/12
  1430 | D:3      | Noticed Jessica
  1432 | D:3      | Killed Jessica
  1432 | D:3      | Reached skill level 5 in Earth Magic
  1437 | D:3      | Reached skill level 5 in Spellcasting
  1452 | D:3      | Reached XP level 5. HP: 28/28 MP: 6/14
  1740 | D:3      | Found a faded altar of an unknown god.
  1768 | D:3      | Noticed Grinder
  1795 | D:3      | Killed Grinder
  1795 | D:3      | Reached skill level 6 in Spellcasting
  1795 | D:3      | Reached XP level 6. HP: 32/32 MP: 6/17
  2096 | D:3      | Found a glowing drain.
  2101 | Sewer    | Entered a sewer
  2135 | Sewer    | Learned a level 5 spell: Lee's Rapid Deconstruction
  2181 | Sewer    | Reached skill level 7 in Spellcasting
  2182 | Sewer    | Reached XP level 7. HP: 29/36 MP: 4/19
  2680 | D:3      | Found a blossoming altar of Fedhas.
  3251 | D:4      | Noticed Ijyb
  3258 | D:4      | Killed Ijyb
  3316 | D:4      | Found a staircase to the Ecumenical Temple.
  3401 | Temple   | Entered the Ecumenical Temple
  3706 | D:4      | Noticed Sigmund
  3721 | D:4      | Killed Sigmund
  3721 | D:4      | Reached skill level 8 in Spellcasting
  3721 | D:4      | Reached skill level 1 in Conjurations
  3978 | D:4      | Noticed Pikel
  3982 | D:4      | Killed Pikel
  3982 | D:4      | Reached skill level 9 in Spellcasting
  3982 | D:4      | Reached XP level 8. HP: 41/41 MP: 0/23
  4247 | D:4      | Noticed Edmund
  4252 | D:4      | Killed Edmund
  4252 | D:4      | Reached skill level 10 in Spellcasting
  4419 | D:5      | Entered Level 5 of the Dungeon
  4442 | D:5      | Found an iron altar of Okawaru.
  4828 | D:5      | Found a bloodstained altar of Trog.
  4897 | D:5      | Identified Jatiucar's Disquisition on Excruciating
                  | Summoning
  4903 | D:5      | Learned a level 3 spell: Mephitic Cloud
  4966 | D:5      | Reached XP level 9. HP: 45/45 MP: 23/25
  5111 | D:5      | Noticed Eustachio
  5117 | D:5      | Killed Eustachio
  5117 | D:5      | Reached skill level 11 in Spellcasting
  5816 | D:6      | Got a heavy robe
  5827 | D:6      | Identified the cursed +1 robe of the Ten Lives {rF+ Dex+2}
                  | (You found it on level 6 of the Dungeon)
  5948 | D:6      | Found Lipt's Magic Scroll Boutique.
  5957 | D:6      | Bought a scroll of teleportation for 36 gold pieces
  5957 | D:6      | Bought a scroll of teleportation for 36 gold pieces
  5957 | D:6      | Bought a scroll of fear for 42 gold pieces
  5957 | D:6      | Bought a scroll of teleportation for 36 gold pieces
  5957 | D:6      | Bought a scroll of teleportation for 36 gold pieces
  6074 | D:6      | Found Gefux's Jewellery Shop.
  6577 | D:7      | Found a shattered altar of Ashenzari.
  6582 | D:7      | Saw a vision of the Swamp and the Spider Nest.
  6582 | D:7      | Noticed an alligator
  6582 | D:7      | Noticed an alligator
  6582 | D:7      | Noticed an alligator
  6584 | D:7      | Noticed an alligator
  6601 | D:7      | Reached skill level 10 in Earth Magic
  6667 | D:7      | Noticed Joseph
  6677 | D:7      | Killed Joseph
  6677 | D:7      | Reached skill level 12 in Spellcasting
  7345 | D:7      | Found a runed door.
  7349 | D:7      | Noticed Crazy Yiuf
  7352 | D:7      | Killed Crazy Yiuf
  7399 | D:7      | Found Poruraid's Food Shoppe.
  8173 | D:8      | Found a hide-covered altar of Uskayaw.
  8279 | D:8      | Found a flagged portal.
  8293 | Bailey   | Entered a bailey
  8668 | Bailey   | Reached skill level 13 in Spellcasting
  8699 | Bailey   | Noticed an orc knight
  8719 | Bailey   | Killed from afar by an electric eel

Skill      XL: |  1  2  3  4  5  6  7  8  9 |
---------------+----------------------------+-----
Earth Magic    | 4 5 6 8 9 10 | 10.7
Spellcasting   | 4 5 6 7 9 10 13 | 13.0
Stealth        | 3 4 |  4.0
Conjurations   | 1 2 |  2.6
Fighting       | |  0.1
Dodging        | |  2.8
Unarmed Combat | |  0.1
Transmutations | |  1.1

Action                   |  1- 3 |  4- 6 |  7- 9 || total
-------------------------+-------+-------+-------++-------
Melee: Unarmed           |       |     1 |    13 ||    14
 Cast: Sandblast         |    50 |    76 |    81 ||   207
       Stone Arrow       |     1 |     5 |    49 ||    55
       Lee's Rapid Decon |       |     1 |    66 ||    67
       Mephitic Cloud    |       |       |     1 ||     1
  Use: Scroll            |       |     8 |     8 ||    16
       Potion            |       |       |     2 ||     2
  Eat: Chunk             |       |     3 |     8 ||    11
       Ration            |       |       |     6 ||     6
Armor: Robe              |     5 |     7 |    10 ||    22
Dodge: Dodged            |    10 |    18 |    37 ||    65
